 Adventure DCSS version bcrawl-1.32 (webtiles) character file.

Game seed: 15663809700774992140

70003 Leeroy the Slasher (level 2, 17/17 HPs)
             Began as a Skeleton Skald on Aug 3, 2021.
             Quit the game on level 2 of the Dungeon.
             The game lasted 00:00:56 (1248 turns).

Leeroy the Slasher (Skeleton Skald)                 Turns: 1248, Time: 00:00:57

Health: 17/17      AC:  3    Str: 17    XL:     2   Next: 34%
Magic:  6/6        EV: 12    Int: 11    God:
Gold:   98         SH:  1    Dex:  9    Spells: 2/7 levels left
                                        Lives:  1   Deaths: 1

rFire    . . .     SeeInvis .   a - +0 long sword
rCold    + . .     Gourm    .   (no shield)
rNeg     + + +     Faith    .   b - +0 leather armour
rPois    ∞         Spirit   +   (no helmet)
rElec    .         Reflect  .   (no cloak)
rCorr    .         Harm     .   (no gloves)
MR       .....                  (no boots)
Stlth    +.........             (no amulet)
HPRegen  0.05/turn              (no ring)
MPRegen  0.10/turn              (no ring)

@: no status effects
A: no food or potions, cold resistance 1, deterioration 1, negative energy
resistance 3, torment resistance, unbreathing, magic shield, sturdy frame 1,
spell healing
a: no special abilities


You were on level 2 of the Dungeon.
You were not hungry.

You visited 1 branch of the dungeon, and saw 2 of its levels.

You collected 98 gold pieces.

Inventory:

Hand Weapons
 a - a +0 long sword (weapon)
Armour
 b - a +0 leather armour (worn)
 f - a +0 cloak
 i - a +0 chain mail
Scrolls
 c - 2 scrolls of enchant weapon {unknown}
 d - a scroll of fear
 e - 3 scrolls of immolation {unknown}
 g - a scroll of enchant armour {unknown}
 h - a scroll of remove curse {unknown}
 j - a scroll of teleportation {unknown}


   Skills:
 - Level 2.0 Fighting
 + Level 4.6 Long Blades
 - Level 1.1 Armour
 - Level 2.0 Dodging
 - Level 3.0 Spellcasting
 - Level 3.2 Charms


You had 2 spell levels left.
You knew the following spells:

 Your Spells              Type           Power        Failure   Level  Hunger
a - Infusion              Chrm           #.......     7%          1    N/A
b - Song of Slaying       Chrm           #.......     11%         2    N/A
c - Swiftness             Chrm/Air       #.......     22%         2    N/A

Your spell library contained the following spells:

 Spells                   Type           Power        Failure   Level  Hunger
 Ozocubu's Armour         Chrm/Ice       #.......     38%         3    N/A
 Spectral Weapon          Hex/Chrm       #.......     38%         3    N/A
 Regeneration             Chrm/Necr      Unusable     N/A         3    N/A

Dungeon Overview and Level Annotations

Branches:
Dungeon (2/12)

Altars:

Annotations:
D:2 Sigmund


Innate Abilities, Weirdness & Mutations

You do not eat or drink.
You are immune to poison.
Your flesh is cold resistant. (rC+)
Your body sometimes deteriorates upon taking damage.
You are immune to negative energy. (rN+++)
You are immune to unholy pain and torment.
You can survive without breathing.
When hurt, damage is shared between your health and your magic reserves.
Your movements are slightly less encumbered by armour. (ER -2)
Casting spells heals you.


Message History

Your body deteriorates!
You feel clumsy.
You hit Sigmund but do no damage.
Sigmund is severely wounded.
You closely miss Sigmund.
Sigmund is severely wounded.
Sigmund barely misses you.
You hit Sigmund but do no damage.
Sigmund is severely wounded.
Sigmund barely misses you.
You closely miss Sigmund.
Sigmund is severely wounded.
You hit Sigmund.
Sigmund is severely wounded.
Sigmund hits you with a +0 scythe!
You die...
Xom reaches out...
You are now level 2!
You rejoin the land of the living...
A frilled lizard comes into view.
Are you sure you want to abandon this character and quit the game? (Confirm with "yes".)

.# #
.#.
##.#.
#...
#..#
#..#
#..#
#@?#
#..#
#..#
#..#
#.l.
#.###
#.#
#..


You could see a frilled lizard (sleeping).

Vanquished Creatures
  An orc priest (D:2)
  A dart slug (D:1)
  A leopard gecko (D:1)
  A goblin (D:1)
  2 hobgoblins (D:1)
  2 bats
  3 kobolds (D:2)
  A rat (D:2)
12 creatures vanquished.

Notes
Turn   | Place    | Note
-------+----------+-------------------------------------------
     0 | D:1      | Leeroy the Skeleton Skald began the quest for the Orb.
     0 | D:1      | Reached XP level 1. HP: 12/12 MP: 4/4
   183 | D:1      | Reached skill level 3 in Long Blades
   635 | D:1      | Reached XP level 2. HP: 11/17 MP: 4/6
   871 | D:1      | Learned a level 2 spell: Song of Slaying
   874 | D:1      | Learned a level 2 spell: Swiftness
  1181 | D:2      | Reached skill level 4 in Long Blades
  1181 | D:2      | Reached XP level 3. HP: 16/21 MP: 3/7
  1229 | D:2      | Noticed Sigmund
  1247 | D:2      | Slain by Sigmund
  1248 | D:2      | Reached XP level 2. HP: -2/17 MP: 0/6
  1248 | D:2      | Quit the game

Skill      XL: |  1  2 |
---------------+-------+-----
Long Blades    | 3 4 |  4.6
Fighting       | |  2.0
Armour         | |  1.1
Dodging        | |  2.0
Spellcasting   | |  3.0
Charms         | |  3.2

Action                   || total
-------------------------++-------
Melee: Long sword        ||    38
 Cast: Song of Slaying   ||     1
       Infusion          ||     1
Armor: Leather armour    ||     9
Dodge: Dodged            ||    22
